 Dungeon Crawl Stone Soup version 0.30.1-9-gdf580d7c3d (webtiles) character file.

Game seed: 5543351226353372026

112 TwoHeadsTalk the Covered (level 4, -2/38 HPs)
             Began as a Gnoll Wanderer on Oct 23, 2023.
             Killed by divine providence
             ... invoked by an orc priest
              (14 damage)
             ... on level 4 of the Dungeon.
             The game lasted 00:04:22 (3605 turns).

TwoHeadsTalk the Covered (Gnoll Wanderer)           Turns: 3605, Time: 00:04:23

Health: -2/38      AC:  7    Str: 12    XL:     4   Next: 93%
Magic:  8/8        EV: 10    Int: 12    God:
Gold:   199        SH:  0    Dex: 12    Spells: 9/9 levels left

rFire   . . .        l - staff of air
rCold   . . .        (no shield)
rNeg    . . .        b - +0 ring mail
rPois   .            (no helmet)
rElec   +            s - scarf {shadows}
rCorr   .            (no gloves)
SInv    .            r - +0 pair of boots
Will    .....        h - amulet of magic regeneration
Stlth   +            (no ring)
HPRegen 0.26/turn    (no ring)
MPRegen 0.51/turn

%: no passive effects
@: no status effects
A: fangs 1, strong nose, distributed training
a: no special abilities


You were on level 4 of the Dungeon.
You visited 1 branch of the dungeon, and saw 4 of its levels.

You collected 199 gold pieces.

Inventory:

Missiles
 t - 3 javelins (quivered)
Armour
 b - a +0 ring mail (worn)
 r - a +0 pair of boots (worn)
 s - a scarf of shadows (worn)
Magical Staves
 l - a staff of air (weapon)
Jewellery
 h - an amulet of magic regeneration (around neck)
Scrolls
 c - 3 scrolls of vulnerability
 e - a scroll of amnesia {unknown}
 f - 2 scrolls of blinking {unknown}
 g - 2 scrolls of identify {unknown}
 j - 3 scrolls of magic mapping {unknown}
 k - a scroll of enchant weapon {unknown}
 n - a scroll of poison {unknown}
 o - a scroll of fear {unknown}
 p - a scroll of silence {unknown}
 q - a scroll of noise {unknown}
Potions
 a - a potion of degeneration {unknown}
 d - 2 potions of attraction
 i - a potion of might {unknown}
 m - 2 potions of cancellation {unknown}


   Skills:
 + Level 4.7 Fighting
 + Level 1.3 Short Blades
 + Level 1.3 Long Blades
 + Level 1.3 Axes
 + Level 1.3 Maces & Flails
 + Level 1.3 Polearms
 + Level 1.3 Staves
 + Level 1.3 Ranged Weapons
 + Level 1.3 Throwing
 + Level 6.6 Armour
 + Level 1.3 Dodging
 + Level 1.3 Stealth
 + Level 1.3 Shields
 + Level 1.3 Unarmed Combat
 + Level 3.1 Spellcasting
 + Level 5.5 Conjurations
 + Level 1.1 Hexes
 + Level 1.1 Summonings
 + Level 1.1 Necromancy
 + Level 1.1 Translocations
 + Level 1.1 Transmutations
 + Level 1.1 Fire Magic
 + Level 1.1 Ice Magic
 + Level 1.1 Air Magic
 + Level 1.1 Earth Magic
 + Level 1.1 Poison Magic
 + Level 1.5 Invocations
 + Level 2.9 Evocations


You had 9 spell levels left.
You didn't know any spells.
Your spell library contained the following spells:

 Spells                   Type           Power      Damage    Failure   Level
 Magic Dart               Conj           60%        1d6       5%          1
 Searing Ray              Conj           30%        2d5       8%          2
 Foxfire                  Conj/Fire      36%        2x1d5     13%         1
 Shock                    Conj/Air       56%        1d6       13%         1
 Apportation              Tloc           8%         N/A       32%         1
 Fulminant Prism          Conj/Hex       4%         3d5       77%         4
 Sticky Flame             Conj/Fire      9%         2d3       77%         4
 Alistair's Intoxication  Tmut/Pois      2%         N/A       100%        5


Dungeon Overview and Level Annotations

Branches:
Dungeon (4/15)
 Temple: D:4-7

Altars:

Annotations:
D:3 Grinder


Innate Abilities, Weirdness & Mutations

You have very sharp teeth.
Your uncanny sense of smell can sniff out nearby items.
Your experience applies equally to all skills.


Message History

You are too injured to fight recklessly!
You are too injured to fight recklessly!
You are too injured to fight recklessly!
You hit the orc priest but do no damage.
The orc priest is moderately wounded.
The orc hits you but does no damage. The orc priest misses you.
You hit the orc priest but do no damage.
Your bite misses the orc priest.
The orc priest is moderately wounded.
The orc hits you but does no damage. The orc priest closely misses you.
The orc priest hits you with a +0 hand axe.
The orc hits you but does no damage.
You hit the orc priest but do no damage.
The orc priest is electrocuted.
You bite the orc priest, but do no damage.
The orc priest is heavily wounded.
The orc barely misses you.
The orc priest hits you with a +0 hand axe.
You hit the orc priest but do no damage.
The orc priest is heavily wounded.
The orc hits you but does no damage. The orc priest closely misses you.
You hit the orc priest but do no damage.
You bite the orc priest, but do no damage.
The orc priest is heavily wounded.
The orc misses you.
The orc priest hits you with a +0 hand axe.
You barely miss the orc priest.
You punch the orc priest, but do no damage.
The orc priest is heavily wounded.
The orc priest calls down the wrath of Beogh upon you.
You barely resist. The orc hits you with a +0 club.
You completely miss the orc priest. Your punch misses the orc priest.
The orc priest is heavily wounded.
The orc barely misses you. The orc priest completely misses you.
You hit the orc priest but do no damage.
The orc priest is heavily wounded.
The orc hits you but does no damage.
The orc priest mumbles some strange prayers to Beogh against you.
Beogh smites you!
You die...

#.. ..# #.# #.#
#.# #.# ### ####
#.#
#####.###.###...
#.#
#.)...).........
#.#
#.###.#.....#...
#.###.#
#.##...#####
#.o...###.###.##
#.o@......# #.#
#.######### #.#
#....... #'#
...##### ..
#.#.. #. .o. ∆
## o..# ## ..o.
+. ##


You could see an orc priest and an orc.

Vanquished Creatures
  4 adders
  An ufetubus (D:4)
  A worm (D:3)
  An orc (D:4)
  8 bats
  5 endoplasms
  3 giant cockroaches
  3 goblins
  7 hobgoblins
  8 jackals (D:1)
  5 ball pythons
  2 frilled lizards
  9 kobolds
  5 rats
62 creatures vanquished.

Notes
Turn   | Place    | Note
-------+----------+-------------------------------------------
     0 | D:1      | TwoHeadsTalk the Gnoll Wanderer began the quest for the
                  | Orb.
     0 | D:1      | TwoHeadsTalk set off with the following items: a +0 club, a
                  | +0 ring mail, a scroll of vulnerability, a potion of
                  | attraction; and the following spells available to memorise:
                  | Foxfire, Shock, Sticky Flame.
     0 | D:1      | Reached XP level 1. HP: 20/20 MP: 4/4
    83 | D:1      | Reached XP level 2. HP: 15/26 MP: 5/5
   557 | D:1      | Reached XP level 3. HP: 25/31 MP: 7/7
  1361 | D:2      | Reached skill level 1 in Invocations
  1423 | D:2      | Reached skill level 1 in Short Blades
  1423 | D:2      | Reached skill level 1 in Long Blades
  1423 | D:2      | Reached skill level 1 in Axes
  1423 | D:2      | Reached skill level 1 in Maces & Flails
  1423 | D:2      | Reached skill level 1 in Polearms
  1423 | D:2      | Reached skill level 1 in Staves
  1423 | D:2      | Reached skill level 1 in Ranged Weapons
  1423 | D:2      | Reached skill level 1 in Throwing
  1423 | D:2      | Reached skill level 1 in Dodging
  1423 | D:2      | Reached skill level 1 in Stealth
  1423 | D:2      | Reached skill level 1 in Shields
  1423 | D:2      | Reached skill level 1 in Unarmed Combat
  1775 | D:2      | Reached XP level 4. HP: 22/38 MP: 8/8
  2204 | D:3      | Reached skill level 1 in Hexes
  2204 | D:3      | Reached skill level 1 in Summonings
  2204 | D:3      | Reached skill level 1 in Necromancy
  2204 | D:3      | Reached skill level 1 in Translocations
  2204 | D:3      | Reached skill level 1 in Transmutations
  2204 | D:3      | Reached skill level 1 in Fire Magic
  2204 | D:3      | Reached skill level 1 in Ice Magic
  2204 | D:3      | Reached skill level 1 in Air Magic
  2204 | D:3      | Reached skill level 1 in Earth Magic
  2204 | D:3      | Reached skill level 1 in Poison Magic
  3366 | D:4      | Noticed Grinder
  3369 | D:4      | Paralysed by Grinder for 3 turns
  3605 | D:4      | Killed from afar by an orc priest

Illustrated notes

Levels and vault maps discovered:
D:1:      lightli_arrival_noodles, layout_basic, chequers_decorated_corner,
          minmay_indecisive_spiral
D:2:      layout_loops_ring
D:3:      layout_basic
D:4:      layout_loops_corners, mainiacjoe_overflow_swirl, uniq_grinder

Skill      XL: |  1  2  3  4 |
---------------+-------------+-----
Invocations    | 1 |  1.5
Short Blades   | 1 |  1.3
Long Blades    | 1 |  1.3
Axes           | 1 |  1.3
Maces & Flails | 1 |  1.3
Polearms       | 1 |  1.3
Staves         | 1 |  1.3
Ranged Weapons | 1 |  1.3
Throwing       | 1 |  1.3
Dodging        | 1 |  1.3
Stealth        | 1 |  1.3
Shields        | 1 |  1.3
Unarmed Combat | 1 |  1.3
Spellcasting   | 3 |  3.1
Hexes          | 1 |  1.1
Summonings     | 1 |  1.1
Necromancy     | 1 |  1.1
Translocations | 1 |  1.1
Transmutations | 1 |  1.1
Fire Magic     | 1 |  1.1
Ice Magic      | 1 |  1.1
Air Magic      | 1 |  1.1
Earth Magic    | 1 |  1.1
Poison Magic   | 1 |  1.1
Fighting       | |  4.7
Armour         | |  6.6
Conjurations   | |  5.5
Evocations     | |  2.9

Action                     |  1- 3 |  4- 6 || total
---------------------------+-------+-------++-------
  Melee: Club              |   145 |       ||   145
         Bite              |    15 |    12 ||    27
         Staff             |    77 |   147 ||   224
         Punch             |     4 |     4 ||     8
  Throw: Javelin           |       |     3 ||     3
 Armour: Ring mail         |   149 |    76 ||   225
  Dodge: Dodged            |   173 |    96 ||   269
